 Dungeon Crawl Stone Soup version 0.18.1-48-g4cf74bf (webtiles) character file.

100586 nikopol the Severer (level 16, -4/145 HPs)
             Began as a Hill Orc Berserker on Aug 8, 2016.
             Was the Champion of Trog.
             Slain by an enormous slime creature (38 damage)
             ... on level 13 of the Dungeon.
             The game lasted 01:34:31 (29279 turns).

nikopol the Severer (Hill Orc Berserker)           Turns: 29279, Time: 01:34:32

Health: -4/145     AC: 16    Str: 21    XL:     16   Next: 28%
Magic:  0/16       EV: 18    Int: 13    God:    Trog [******]
Gold:   1592       SH:  2    Dex: 20    Spells: 0 memorised, 15 levels left

rFire  + + +     SeeInvis .     a - +10 battleaxe of Plunder {flame, rF++ rN++ Str-2 Dex+3}
rCold  + . .     Gourm    .     Y - +0 scale mail {rC+}
rNeg   + + +     Faith    .     (shield currently unavailable)
rPois  +         Spirit   +     C - +2 hat of the Bear Spirit {Spirit, +Rage rN+ MR++}
rElec  .         Dismiss  .     n - +2 cloak {+Inv}
rCorr  +         Reflect  +     l - +0 pair of gloves of the Orb Guardian {rF+ rCorr Int+6 Dex+3}
SustAt .         Harm     .     (no boots)
MR     ++++.                    v - +2 amulet of reflection
Stlth  ..........               M - ring of poison resistance
                                y - ring of protection from magic

@: exhausted, slowed, very slow, incredibly resistant to hostile enchantments,
extremely unstealthy
A: no striking features
a: Berserk, Trog's Hand, Brothers in Arms, Burn Spellbooks, Renounce Religion,
Evoke Berserk Rage, Evoke Invisibility


You were on level 13 of the Dungeon.
You worshipped Trog.
Trog was exalted by your worship.
You were very hungry.

You visited 3 branches of the dungeon, and saw 23 of its levels.

You collected 2061 gold pieces.
You spent 469 gold pieces at shops.

Inventory:

Hand Weapons
 a - the +10 battleaxe of Plunder (weapon) {flame, rF++ rN++ Str-2 Dex+3}
   (Trog gifted it to you on level 2 of the Lair of Beasts)

   It has been specially enchanted to burn those struck by it, causing extra
   injury to most foes and up to half again as much damage against particularly
   susceptible opponents.
   Big, fiery blades are also staple armaments of hydra-hunters.
   It affects your strength (-2).
   It affects your dexterity (+3).
   It greatly protects you from fire.
   It greatly protects you from negative energy.
 z - a +7 longbow of freezing
 A - a +2 antimagic executioner's axe
 P - the +5 executioner's axe of Forgiveness {chop, rC+ rN+ Int+2 Dex+4}
   (Trog gifted it to you on level 4 of the Lair of Beasts)

   It inflicts extra damage upon your enemies.
   It affects your intelligence (+2).
   It affects your dexterity (+4).
   It protects you from cold.
   It protects you from negative energy.
Missiles
 q - 257 arrows
Armour
 l - the +0 pair of gloves of the Orb Guardian (worn) {rF+ rCorr Int+6 Dex+3}
   (You found it on level 8 of the Lair of Beasts)

   It affects your intelligence (+6).
   It affects your dexterity (+3).
   It protects you from fire.
   It protects you from acid and corrosion.
 n - a +2 cloak of invisibility (worn)
 C - the +2 hat of the Bear Spirit (worn) {Spirit, +Rage rN+ MR++}
   (You bought it in a shop on level 2 of the Orcish Mines)

   It protects you from negative energy.
   It affects your resistance to hostile enchantments.
   It lets you go berserk.
 Q - a +4 plate armour
 Y - a +0 scale mail of cold resistance (worn)
Jewellery
 b - an uncursed ring of positive energy
 r - a +2 ring of strength
 u - an uncursed ring of magical power {unknown}
 v - a +2 amulet of reflection (around neck)
 y - a ring of protection from magic (left hand)
 M - a ring of poison resistance (right hand)
 U - an uncursed ring of protection from cold
 Z - an uncursed ring of protection from magic
Wands
 d - a wand of teleportation (5/9)
 h - a wand of confusion (35/48)
 L - a wand of digging (13/24)
Scrolls
 i - 9 scrolls of teleportation
 s - 4 scrolls of remove curse
 x - a scroll of recharging {unknown}
 B - 3 scrolls of enchant armour
 H - 2 scrolls of fog
 J - 3 scrolls of fear
 T - a scroll of magic mapping
Potions
 e - 2 potions of ambrosia
 g - 2 potions of brilliance
 j - 6 potions of curing
 m - a potion of might
 o - 8 potions of heal wounds
 p - 4 potions of invisibility
 t - 5 potions of flight
 w - 3 potions of agility
 D - a potion of berserk rage
 O - a potion of haste
 R - a potion of magic
 X - 2 potions of cancellation
Comestibles
 c - 10 bread rations
 f - 18 fruits
 k - 3 slices of pizza
 E - 10 chunks of flesh
 F - a royal jelly
 I - 5 meat rations


   Skills:
 + Level 13.9 Fighting
 * Level 19.2 Axes
 * Level 12.3 Bows
 + Level 12.9 Armour
 + Level 10.1 Dodging


You had 15 spell levels left.
You didn't know any spells.

Dungeon Overview and Level Annotations

Branches:
Dungeon (13/15)            Temple (0/1) D:4            Lair (8/8) D:9
 Shoals (0/4) Lair:3        Snake (0/4) Lair:5        Slime (0/6) Lair:6
    Orc (2/2) D:12            Elf (0/3) Orc:2        Vaults (0/5) D:13

Altars:
Cheibriados
Dithmenos
Gozag
Makhleb
Nemelex Xobeh
Okawaru
Pakellas
Qazlal
Trog
Xom

Shops:
Orc:1 !   Orc:2 !**%


Message History

* * * LOW HITPOINT WARNING * * *
You feel sick.
You hear a slurping noise.
* * * LOW HITPOINT WARNING * * *
You feel sick.
You feel your anger subside.
* * * LOW HITPOINT WARNING * * *
You feel sick.
You are no longer berserk.
You are exhausted.
You feel yourself slow down.
You are feeling very hungry.
* * * LOW HITPOINT WARNING * * *
You feel sick.
Drink which item? (? for menu, Esc to quit)
You feel better. The worker ant completely misses you.
Okay, then.
Drink which item? (? for menu, Esc to quit)
You feel much better. The enormous slime creature hits you!!!
You die...

#.# #.# #.# #.# #.#
##+### #.# #..<.#
#######.##########....#
.................'....##
#######.##########....#.
.# #.# #...)#. ... #@#
#....'.
#..#####J########
#....## ...(..Ja........
#....# ..##.......##...
##+### ##.....## ##().##
##)## #..)).# #.#...#.#


You could see an enormous slime creature, a jelly and a worker ant.

Vanquished Creatures
  Rupert (Lair:6)
  Maud (Lair:7)
  Snorg (Lair:7)
  4 vault guards (D:13)
  A rakshasa (D:9)
  15 hydras
  4 ogre magi (Orc:2)
  4 catoblepae (Lair:8)
  A centaur warrior (D:13)
  17 death yaks
  3 skeletal warriors (D:12)
  4 hill giants
  3 orc knights
  An orc sorcerer (Orc:2)
  A manticore (Lair:8)
  6 griffons
  2 cyclopes (D:9)
  16 elephants
  A siren (Lair:3)
  Maurice (D:8)
  2 molten gargoyles (Lair:3)
  7 black mambas
  Psyche (D:8)
  14 spiny frogs
  2 gargoyles
  6 rime drakes
  8 komodo dragons
  6 trolls
  2 polar bears
  3 merfolk (Lair:3)
  Grinder (D:5)
  3 slime creatures (D:12)
  21 two-headed ogres
  9 blink frogs
  A boulder beetle (Lair:4)
  A spriggan (D:10)
  2 water elementals (D:11)
  63 yaks
  A wraith (D:8)
  7 wyverns
  6 basilisks
  12 hippogriffs
  A hungry ghost (D:10)
  2 wargs
  3 nagas (Lair:5)
  12 porcupines
  18 water moccasins
  17 orc warriors
  3 sky beasts
  2 black bears
  37 ogres
  2 phantoms
  A necrophage (D:12)
  8 centaurs
  9 wolves
  14 crocodiles
  4 big kobolds
  18 giant frogs
  A wyvern zombie (D:11)
  A wyvern skeleton (D:12)
  7 scorpions
  4 killer bees
  10 wights
  A howler monkey (D:9)
  6 electric eels (D:11)
  6 crimson imps
  5 lava snakes (Lair:3)
  A wasp zombie (D:8)
  A centaur zombie (D:12)
  5 jellies
  14 orc wizards
  8 orc priests
  A giant frog skeleton (D:7)
  A gnoll shaman (D:12)
  3 hounds
  4 centaur skeletons
  9 iguanas
  8 worker ants
  A killer bee zombie (D:5)
  29 sheep
  A hound skeleton (D:11)
  2 worker ant zombies (D:8)
  3 gnolls
  95 river rats
  13 adders
  2 shadow imps
  An ooze (D:1)
  An adder zombie (D:8)
  2 adder skeletons
  2 dart slugs
  6 worms
  3 giant geckos
  58 orcs
  4 ball pythons
  7 bats
  8 giant cockroaches
  5 goblins
  12 hobgoblins
  11 jackals
  3 quokkas
  A giant gecko skeleton (D:4)
  5 giant newts
  20 kobolds
  A quokka zombie (D:8)
  5 rats
  15 fungi
  5 plants
833 creatures vanquished.

Vanquished Creatures (others)
  An orc (D:11)
  13 fungi
  24 plants
38 creatures vanquished.

Grand Total: 871 creatures vanquished

Notes
Turn   | Place    | Note
--------------------------------------------------------------
     0 | D:1      | nikopol the Hill Orc Berserker began the quest for the Orb.
     0 | D:1      | Reached XP level 1. HP: 19/19 MP: 1/1
   225 | D:1      | Reached XP level 2. HP: 17/27 MP: 2/2
   616 | D:1      | Reached XP level 3. HP: 33/33 MP: 3/3
   758 | D:1      | Reached ** piety under Trog
  1066 | D:2      | Found a shadowy altar of Dithmenos.
  1069 | D:2      | Found a burning altar of Makhleb.
  1072 | D:2      | Found a stormy altar of Qazlal.
  1097 | D:2      | Found a sparkling altar of Nemelex Xobeh.
  1370 | D:2      | Reached XP level 4. HP: 32/40 MP: 4/4
  1468 | D:2      | Found an opulent altar of Gozag.
  1999 | D:3      | Found a faded altar to an unknown god.
  2181 | D:3      | Reached skill level 5 in Axes
  2278 | D:3      | Reached XP level 5. HP: 36/47 MP: 5/5
  2910 | D:4      | Noticed a moth of wrath
  2913 | D:4      | Found a bloodstained altar of Trog.
  3212 | D:4      | Reached skill level 5 in Fighting
  3279 | D:4      | Reached XP level 6. HP: 53/56 MP: 6/6
  3467 | D:4      | Found a staircase to the Ecumenical Temple.
  3994 | D:5      | Entered Level 5 of the Dungeon
  3994 | D:5      | Noticed Grinder
  4004 | D:5      | Reached skill level 6 in Axes
  4019 | D:5      | Killed Grinder
  4019 | D:5      | Reached XP level 7. HP: 43/62 MP: 7/7
  4136 | D:5      | Reached skill level 5 in Armour
  4898 | D:6      | Reached skill level 7 in Axes
  4968 | D:6      | Reached XP level 8. HP: 70/70 MP: 8/8
  5585 | D:7      | Reached skill level 8 in Axes
  5966 | D:7      | Reached *** piety under Trog
  5985 | D:7      | Received a gift from Trog
  6270 | D:8      | Noticed a troll
  6280 | D:8      | Killed a troll
  6280 | D:8      | Reached XP level 9. HP: 48/79 MP: 9/9
  6363 | D:8      | Found a shimmering altar of Xom.
  6433 | D:8      | Reached skill level 5 in Dodging
  6796 | D:8      | Reached skill level 9 in Axes
  6826 | D:8      | Noticed Maurice
  7043 | D:8      | Noticed Psyche
  7067 | D:8      | Killed Psyche
  7387 | D:8      | Reached skill level 10 in Axes
  7832 | D:8      | Noticed a two-headed ogre
  7843 | D:8      | Killed a two-headed ogre
  8942 | D:8      | Reached XP level 10. HP: 86/90 MP: 10/10
  8998 | D:8      | Killed Maurice
  8998 | D:8      | Reached skill level 11 in Axes
  9001 | D:8      | Got an uncursed smoking war axe {flame}
  9022 | D:8      | Identified the +5 war axe "Laneikh" {flame, +Fly rPois Str-2 Int+3} (You took it off Maurice on level 8 of the Dungeon)
  9261 | D:9      | Found a staircase to the Lair.
  9276 | D:9      | Noticed a hill giant
  9291 | D:9      | Killed a hill giant
  9291 | D:9      | Reached skill level 1 in Bows
  9560 | D:9      | Noticed a cyclops
  9770 | D:9      | Killed a cyclops
  9879 | D:9      | Noticed a rakshasa
  9897 | D:9      | Killed a rakshasa
 10048 | D:9      | Noticed a cyclops
 10063 | D:9      | Killed a cyclops
 10126 | D:9      | Found an iron altar of Okawaru.
 10205 | D:9      | Found a snail-covered altar of Cheibriados.
 10220 | D:9      | Found an iron altar of Okawaru.
 10224 | D:9      | Found an oddly glowing altar of Pakellas.
 10290 | D:9      | Reached skill level 12 in Axes
 10526 | Lair:1   | Entered Level 1 of the Lair of Beasts
 10547 | Lair:1   | Noticed a spiny frog
 10551 | Lair:1   | Reached XP level 11. HP: 97/97 MP: 11/11
 11022 | Lair:1   | Reached **** piety under Trog
 11403 | Lair:1   | Reached skill level 5 in Bows
 11730 | Lair:1   | Noticed a five-headed hydra
 11739 | Lair:1   | Killed a two-headed hydra
 11739 | Lair:1   | Reached skill level 10 in Fighting
 11843 | Lair:2   | Reached skill level 13 in Axes
 11931 | Lair:2   | Reached ***** piety under Trog
 13550 | Lair:3   | Reached XP level 12. HP: 106/106 MP: 12/12
 13747 | Lair:3   | Reached skill level 14 in Axes
 13754 | Lair:3   | Noticed a four-headed hydra
 13765 | Lair:3   | Killed a one-headed hydra
 14118 | Lair:3   | Found a staircase to the Shoals.
 14291 | Lair:4   | Noticed a seven-headed hydra
 14303 | Lair:4   | Killed a two-headed hydra
 14320 | Lair:4   | Received a gift from Trog
 14946 | Lair:4   | Received a gift from Trog
 14949 | Lair:4   | Got a warped executioner's axe {god gift}
 15154 | Lair:4   | Identified the +5 executioner's axe of Forgiveness {chop, rC+ rN+ Int+2 Dex+4} (Trog gifted it to you on level 4 of the Lair of Beasts)
 15830 | Lair:5   | Found a staircase to the Snake Pit.
 15839 | Lair:5   | Reached skill level 10 in Armour
 15990 | Lair:5   | Noticed a seven-headed hydra
 16354 | Lair:5   | HP: 2/110 [five-headed hydra (12)]
 16358 | Lair:5   | Killed a four-headed hydra
 16412 | Lair:5   | Reached skill level 15 in Axes
 16769 | Lair:5   | Reached XP level 13. HP: 100/116 MP: 13/13
 17683 | Lair:6   | Received a gift from Trog
 18223 | Lair:6   | Noticed Rupert
 18240 | Lair:6   | Killed Rupert
 18562 | Lair:6   | Found a staircase to the Slime Pits.
 18739 | Lair:7   | Noticed Snorg
 18759 | Lair:7   | Killed Snorg
 18759 | Lair:7   | Reached skill level 16 in Axes
 19561 | Lair:7   | Received a gift from Trog
 19833 | Lair:7   | Reached XP level 14. HP: 109/126 MP: 14/14
 20070 | Lair:7   | Reached skill level 10 in Bows
 20163 | Lair:7   | Noticed Maud
 20176 | Lair:7   | Killed Maud
 20530 | Lair:8   | Entered Level 8 of the Lair of Beasts
 20937 | Lair:8   | Received a gift from Trog
 21031 | Lair:8   | Reached ****** piety under Trog
 21089 | Lair:8   | Reached skill level 17 in Axes
 22170 | Lair:7   | Received a gift from Trog
 22437 | Lair:8   | Received a gift from Trog
 22775 | Lair:8   | Reached XP level 15. HP: 134/134 MP: 15/15
 23065 | Lair:8   | Reached skill level 18 in Axes
 23427 | Lair:8   | Got a pair of slimy gloves
 23433 | Lair:8   | Identified the +0 pair of gloves of the Orb Guardian {rF+ rCorr Int+6 Dex+3} (You found it on level 8 of the Lair of Beasts)
 24220 | Lair:2   | Received a gift from Trog
 24223 | Lair:2   | Got a scorched battleaxe {god gift}
 24224 | Lair:2   | Identified the +10 battleaxe of Plunder {flame, rF++ rN++ Str-2 Dex+3} (Trog gifted it to you on level 2 of the Lair of Beasts)
 24396 | D:10     | Entered Level 10 of the Dungeon
 24858 | D:10     | Found a stormy altar of Qazlal.
 26649 | D:12     | Found a staircase to the Orcish Mines.
 27045 | Orc:1    | Entered Level 1 of the Orcish Mines
 27053 | Orc:1    | Received a gift from Trog
 27408 | Orc:1    | Found Dampef's Distillery.
 27703 | Orc:2    | Entered Level 2 of the Orcish Mines
 27775 | Orc:2    | Found a staircase to the Elven Halls.
 28340 | Orc:2    | Received a gift from Trog
 28374 | Orc:2    | Received a gift from Trog
 28384 | Orc:2    | Reached XP level 16. HP: 118/144 MP: 16/16
 28389 | Orc:2    | Reached skill level 19 in Axes
 28399 | Orc:2    | Received a gift from Trog
 28583 | Orc:2    | Found Ohylud's General Store.
 28583 | Orc:2    | Found Siveuq's Food Boutique.
 28584 | Orc:2    | Found Donouj's Distillery.
 28584 | Orc:2    | Found Fiabbuv's Assorted Antiques.
 28714 | Orc:2    | Reached skill level 10 in Dodging
 28793 | Orc:2    | Bought the +2 hat of the Bear Spirit {Spirit, +Rage rN+ MR++} for 469 gold pieces
 29239 | D:13     | Found a gate to the Vaults.
 29274 | D:13     | HP: 9/217 [poisoned by a vault guard]
 29276 | D:13     | HP: 3/145 [poisoned by a vault guard]
 29279 | D:13     | Slain by an enormous slime creature

Skill      XL: |  1  2  3  4  5  6  7  8  9 10 11 12 13 14 15 16 |
---------------+-------------------------------------------------+-----
Fighting       | 4 5 6 7 8 9 10 11 12 13 | 13.9
Armour         | 3 4 5 6 7 8 9 10 11 12 | 12.9
Dodging        | 2 3 4 5 6 7 8 9 10 | 10.1
Axes           | 5 6 7 8 10 12 13 15 16 17 18 19 | 19.2
Bows           | 3 6 8 9 11 12 | 12.3

Action                   |  1- 3 |  4- 6 |  7- 9 | 10-12 | 13-15 | 16-18 || total
-------------------------+-------+-------+-------+-------+-------+-------++-------
Melee: Hand axe          |   125 |   276 |       |       |       |       ||   401
       War axe           |       |    30 |   388 |   446 |   585 |       ||  1449
       Battleaxe         |       |       |       |       |   156 |    73 ||   229
 Fire: Shortbow          |       |       |    13 |   263 |   231 |       ||   507
       Longbow           |       |       |       |       |   391 |    36 ||   427
Invok: Trog's Hand       |       |     1 |       |       |       |       ||     1
       Berserk           |       |     2 |     4 |     8 |    14 |     1 ||    29
       Burn Spellbooks   |       |       |       |     3 |     4 |       ||     7
  Use: Scroll            |       |    12 |     2 |     6 |    17 |     3 ||    40
       Potion            |       |     1 |     1 |     1 |       |     2 ||     5
 Stab: Distracted        |       |     1 |       |       |       |       ||     1
       Petrified         |       |       |       |       |     2 |       ||     2
  Eat: Chunk             |     1 |     8 |    12 |    21 |    40 |     3 ||    85
       Royal jelly       |       |     1 |       |     1 |       |       ||     2
       Pizza             |       |       |     3 |       |       |       ||     3
       Bread ration      |       |       |     1 |     2 |     1 |       ||     4
       Beef jerky        |       |       |     1 |       |     1 |       ||     2
       Fruit             |       |       |       |     2 |     4 |       ||     6
Armor: Scale mail        |    56 |   110 |   165 |   138 |   215 |    12 ||   696
Dodge: Dodged            |    59 |   175 |   208 |   272 |   439 |    36 ||  1189
Block: Other             |       |     7 |    21 |    23 |    38 |     4 ||    93
       Reflection        |       |       |     1 |       |     2 |       ||     3
